 Dungeon Crawl Stone Soup version 0.29.1-15-g9cfb28693d (webtiles) character file.

Game seed: 8506994378086524331

97 Sanktem7 the Trooper (level 4, 0/41 HPs)
             Began as a Minotaur Fighter on Mar 17, 2023.
             Killed from afar by Sigmund (3 damage)
             ... with a magic dart
             ... on level 2 of the Dungeon.
             The game lasted 00:04:14 (1511 turns).

Sanktem7 the Trooper (Minotaur Fighter)             Turns: 1511, Time: 00:04:15

Health: 0/41       AC: 13    Str: 23    XL:     4   Next: 42%
Magic:  3/3        EV:  7    Int:  5    God:
Gold:   114        SH:  4    Dex:  9    Spells: 3/3 levels left

rFire   . . .      SeeInvis .   a - +0 war axe {axe}
rCold   . . .      Faith    .   c - +0 buckler
rNeg    . . .      Spirit   .   b - +3 chain mail
rPois   .          Reflect  .   (helmet restricted)
rElec   .          Harm     .   (no cloak)
rCorr   .          Rampage  .   l - +0 pair of gloves
Will    .....                   (no boots)
Stlth   ..........              (no amulet)
HPRegen 0.13/turn               (no ring)
MPRegen 0.08/turn               (no ring)

@: lethally poisoned (0 -> -2)
A: horns 2, retaliatory headbutt
a: no special abilities


You were on level 2 of the Dungeon.
You visited 1 branch of the dungeon, and saw 2 of its levels.

You collected 114 gold pieces.


Innate Abilities, Weirdness & Mutations

You have a pair of horns on your head.
You reflexively headbutt those who attack you in melee.


   Skills:
 + Level 4.3 Fighting
 * Level 4.1 Axes
 + Level 4.2 Armour
 + Level 4.3 Shields


You had 3 spell levels left.
You didn't know any spells.
Your spell library was empty.

Inventory:

Hand Weapons
 a - a +0 war axe (weapon) {axe}
 f - a +0 short sword of electrocution {short}
   (You took it off a kobold on level 1 of the Dungeon)
 j - a +2 dagger of flaming {short}
   (You found it on level 1 of the Dungeon)
Missiles
 e - 27 stones (quivered) {throwing}
 m - 6 poisoned darts {throwing}
Armour
 b - a +3 chain mail (worn)
   (You found it on level 2 of the Dungeon)
 c - a +0 buckler (worn)
 l - a +0 pair of gloves (worn)
   (You found it on level 2 of the Dungeon)
Scrolls
 g - a scroll of noise {unknown}
 i - a scroll of fear {unknown}
Potions
 d - 2 potions of might
 h - a potion of cancellation {unknown}
 k - 2 potions of attraction {unknown}

Dungeon Overview and Level Annotations

Branches:
Dungeon (2/15) Zot: 10449

Altars:
Gozag

Shops:
D:1 (

Annotations:
D:2 Sigmund

##.#.#.#...#.#.#.##
#...#...♣...#.†.#
##.#.#.#...#†#.#.##
#..#...##.##...#..#
##.#.#.......#.#.##
...##.###.##...#
##.#...........#.##
#..##.###.###.##..#
#.@@[...........##
##.###.###.###.###
## ### ### #####


You could see Sigmund.


Message History

No target in view!
No target in view!
No target in view!
No target in view!
No target in view!
No target in view!
No target in view!
No target in view!
No target in view!
No target in view!
A giant cockroach comes into view.
A giant cockroach is nearby!
A giant cockroach is nearby!
The giant cockroach barely misses you.
You slash the giant cockroach!
You kill the giant cockroach!
No target in view!
No target in view!
No target in view!
No target in view!
No target in view!
No target in view!
No target in view!
No target in view!
No target in view!
No target in view!
No target in view!
No target in view!
No target in view!
No target in view!
You see here a giant cockroach corpse.
Sigmund the Dreaded comes into view.
He is wielding a +1 scythe of venom.
Sigmund shouts!
Sigmund gestures at you while chanting.
The magic dart hits you but does no damage.
You block Sigmund's attack.
You see here a +0 scale mail.
You barely miss Sigmund.
Sigmund hits you with a +1 scythe of venom.
You are poisoned. 😕 HP[-2]
You take 2 damage, and now have 39/41 hp.
You slash Sigmund! Your headbutt misses Sigmund.
You feel very sick.
Sigmund hits you with a +1 scythe of venom.
You are more poisoned. 😕 HP[-4]
You take 4 damage, and now have 35/41 hp.
You closely miss Sigmund.
You feel very sick.
Sigmund hits you with a +1 scythe of venom.
You are more poisoned. 😮 HP[-8]
You take 8 damage, and now have 27/41 hp.
You hit Sigmund.
You feel very sick. You block Sigmund's attack. 😮 HP[-5]
You take 5 damage, and now have 22/41 hp.
You barely miss Sigmund. Your headbutt misses Sigmund.
You feel very sick. You block Sigmund's attack. 😨 HP[-4]
You take 4 damage, and now have 18/41 hp.
You barely miss Sigmund.
You feel very sick. Sigmund hits you but does no damage.
You are more poisoned. 😨 HP[-3]
You take 3 damage, and now have 15/41 hp.
You closely miss Sigmund.
* * * LOW HITPOINT WARNING * * *
You feel very sick. Sigmund barely misses you. You furiously retaliate!
You headbutt Sigmund! 😨 HP[-3]
You take 3 damage, and now have 12/41 hp.
You barely miss Sigmund. You headbutt Sigmund.
* * * LOW HITPOINT WARNING * * *
You feel very sick. Sigmund barely misses you. 😱 HP[-3]
You take 3 damage, and now have 9/41 hp.
Unknown command.
You closely miss Sigmund.
* * * LOW HITPOINT WARNING * * *
You feel very sick. 😱 HP[-3]
You take 3 damage, and now have 6/41 hp.
You closely miss Sigmund.
* * * LOW HITPOINT WARNING * * *
You feel sick. You block Sigmund's attack. 😱 HP[-1]
You take 1 damage, and now have 5/41 hp.
Unknown command.
You closely miss Sigmund. Your headbutt misses Sigmund.
* * * LOW HITPOINT WARNING * * *
You feel sick.
Sigmund points at you and mumbles some strange words.
The magic dart hits you.
You die...

Skill      XL: |  1  2  3  4 |
---------------+-------------+-----
Axes           | 3 4 |  4.1
Shields        | 4 |  4.3
Fighting       | 4 |  4.3
Armour         | 4 |  4.2

Action                   |  1- 3 |  4- 6 || total
-------------------------+-------+-------++-------
Melee: War axe           |    68 |    33 ||   101
       Headbutt          |     7 |     3 ||    10
Armor: Scale mail        |    34 |     2 ||    36
       Chain mail        |       |    18 ||    18
Dodge: Dodged            |    56 |    13 ||    69
Block: Buckler           |    20 |    11 ||    31

Levels and vault maps discovered:
D:1:      dpeg_arrival_radiant, layout_basic, serial_shops, shop, st_stairs_8,
          reono_crystal_passage
D:2:      layout_rooms, basic_altar, nicolae_concentric_dashed_squares_wild,
          minmay_misc_feat_columns, uniq_terence, uniq_sigmund

Notes
Turn   | Place    | Note
-------+----------+-------------------------------------------
     0 | D:1      | Sanktem7 the Minotaur Fighter began the quest for the Orb.
     0 | D:1      | Reached XP level 1. HP: 19/19 MP: 0/0
     0 | D:1      | magus.rc [v1.9.6]
    98 | D:1      | Reached XP level 2. HP: 24/27 MP: 1/1
   102 | D:1      | Reached skill level 3 in Axes
   145 | D:1      | Found Kenoeph's Weapon Boutique.
   467 | D:1      | Reached skill level 4 in Shields
   473 | D:1      | Reached skill level 4 in Fighting
   473 | D:1      | Reached XP level 3. HP: 24/33 MP: 2/2
   945 | D:2      | Reached skill level 4 in Armour
   955 | D:2      | Noticed Terence
   962 | D:2      | Killed Terence
  1000 | D:2      | Reached XP level 4. HP: 29/40 MP: 3/3
  1310 | D:2      | Reached skill level 4 in Axes
  1406 | D:2      | Found an opulent altar of Gozag.
  1496 | D:2      | Noticed Sigmund
  1508 | D:2      | HP: 9/41 [poisoned by Sigmund]
  1511 | D:2      | HP: 3/41 [poisoned by Sigmund]
  1511 | D:2      | Killed from afar by Sigmund

Vanquished Creatures
  Terence (D:2)
  2 adders (D:2)
  A dart slug (D:1)
  8 ball pythons
  3 endoplasms (D:1)
  2 giant cockroaches
  5 goblins
  4 hobgoblins
  4 jackals (D:1)
  7 kobolds
  6 bats
  3 frilled lizards
  2 rats (D:1)
48 creatures vanquished.

Table legend:
 A = Non-vault XP
 B = Vault XP
 C = Vault XP percentage of total XP
 D = Non-vault monster count
 E = Vault monster count
 F = Vault count percentage of total count
                 A         B        C        D         E       F
            +---------+---------+-------+---------+---------+-------
      Total |     102 |      37 |  26.6 |      46 |       2 |   4.2
            +---------+---------+-------+---------+---------+-------
        D:1 |      45 |       1 |   2.2 |      26 |       1 |   3.7
        D:2 |      57 |      36 |  38.7 |      20 |       1 |   4.8
            +---------+---------+-------+---------+---------+-------

Illustrated notes

Table legend:
 A = Kills in this place as a percentage of kills in entire the game.
 B = Kills by you in this place as a percentage of kills by you in the entire game.
 C = Kills by friends in this place as a percentage of kills by friends in the entire game.
 D = Other kills in this place as a percentage of other kills in the entire game.
 E = Experience gained in this place as a percentage of experience gained in the entire game.
 F = Experience gained in this place divided by the number of levels of this place that you have seen.
                   A       B       C       D       E      F
               +-------+-------+-------+-------+-------+----------------------
         Total | 100.0 | 100.0 |   N/A |   N/A | 100.0 |  69.5
       Dungeon | 100.0 | 100.0 |   N/A |   N/A | 100.0 |  69.5
               +-------+-------+-------+-------+-------+----------------------

Table legend: (Time is in decaauts)
 A = Elapsed time spent in this place.
 B = Non-inter-level travel time spent in this place.
 C = Inter-level travel time spent in this place.
 D = Time resting spent in this place.
 E = Time spent auto-exploring this place.
 F = Levels seen in this place.
 G = Mean time per level.
                   A        B        C        D        E       F      G
               +--------+--------+--------+--------+--------+-----+--------+
         Total |   1548 |   1540 |      8 |      0 |   1231 |   2 |  774.0 |
       Dungeon |   1548 |   1540 |      8 |      0 |   1231 |   2 |  774.0 |
               +--------+--------+--------+--------+--------+-----+--------+

Top non-repeatable levels by time:
     D:1: 957 daAuts
     D:2: 591 daAuts
